TOP OF THE 1ST |
Cleveland Indians batting - Pitching for Kansas City Royals : RHP Brandon Ferrari
|
Pitching: RHP Brandon Ferrari
|
|
Batting: LHB Hector Pedroso
|
0-0: Ball 1-0: Fly out, F8 (Line Drive, 8RD, EV 95.0 MPH)
|
Batting: RHB Drtian Thaqi
|
0-0: Ball 1-0: Called Strike 1-1: Ball 2-1: Called Strike 2-2: Ball 3-2: Base on Balls
|
Batting: LHB Anthony Mosley
|
0-0: Ball 1-0: Ball 2-0: Swinging Strike 2-1: Foul Ball, location: 2F 2-2: Foul Ball, location: 2F 2-2: Strikes out swinging
|
Batting: LHB Eric Zacher
|
0-0: Called Strike 0-1: Ball 1-1: Ball 2-1: Ball 3-1: Foul Ball, location: 2F 3-2: Foul Ball, location: 2F 3-2: Strikes out swinging
|
Top of the 1st over - 0 runs, 0 hits, 0 errors, 1 left on base; Cleveland 0 - Kansas City 0 |
BOTTOM OF THE 1ST |
Kansas City Royals batting - Pitching for Cleveland Indians : RHP Andy Zecher
|
Pitching: RHP Andy Zecher
|
|
Batting: RHB Aaron Matthews
|
0-0: Foul Ball, location: 2F 0-1: Foul Ball, location: 2F 0-2: Strikes out looking
|
Batting: RHB Adriaan Pieters
|
0-0: Ball 1-0: Fly out, F7 (Flyball, 7S, EV 88.1 MPH)
|
Batting: LHB Mike Meyerhoff
|
0-0: Ground out 4-3 (Groundball, 4, EV 88.1 MPH)
|
Bottom of the 1st over - 0 runs, 0 hits, 0 errors, 0 left on base; Cleveland 0 - Kansas City 0 |
TOP OF THE 2ND |
Cleveland Indians batting - Pitching for Kansas City Royals : RHP Brandon Ferrari
|
Batting: SHB Dan Hill
|
0-0: Ball 1-0: Foul Ball, location: 2F 1-1: Foul Ball, location: 2F 1-2: Strikes out swinging
|
Batting: LHB John Harring
|
0-0: Ball 1-0: DOUBLE (Groundball, 5L, EV 110.0 MPH)
|
Batting: SHB Mike Gross
|
0-0: Ball 1-0: Ball 2-0: Ball 3-0: Base on Balls
|
Batting: RHB Justin Ganey
|
0-0: Ball 1-0: SINGLE (Line Drive, 8RS, EV 97.5 MPH) John Harring to third Mike Gross to second
|
Batting: RHB Greg Harden
|
0-0: Grounds into double play, 6-4-3 (Groundball, 6, EV 101.3 MPH)
|
Top of the 2nd over - 0 runs, 2 hits, 0 errors, 2 left on base; Cleveland 0 - Kansas City 0 |
BOTTOM OF THE 2ND |
Kansas City Royals batting - Pitching for Cleveland Indians : RHP Andy Zecher
|
Batting: SHB Tony Prado
|
0-0: Foul Ball, location: 2F 0-1: Fly out, F9 (Flyball, 9S, EV 95.6 MPH)
|
Batting: SHB Gareth Busby
|
0-0: Ball 1-0: Foul Ball, location: 2F 1-1: SINGLE (Groundball, 5D, EV 96.3 MPH)
|
Batting: LHB Manny Estrada
|
Pickoff Throw to First - Error! E1 Gareth Busby to second 0-0: Ground out 4-3 (Groundball, 4, EV 105.0 MPH) Gareth Busby to third
|
Batting: RHB Jordan Diaz
|
0-0: Ball 1-0: Single, Error in OF, E8, batter to second base (Line Drive, 4MD, EV 93.8 MPH) Gareth Busby scores
|
Batting: RHB Jason Gee
|
0-0: Ground out 6-3 (Groundball, 6, EV 98.8 MPH)
|
Bottom of the 2nd over - 1 run, 2 hits, 2 errors, 1 left on base; Cleveland 0 - Kansas City 1 |
TOP OF THE 3RD |
Cleveland Indians batting - Pitching for Kansas City Royals : RHP Brandon Ferrari
|
Batting: LHB Hector Pedroso
|
0-0: Ball 1-0: Ball 2-0: Called Strike 2-1: Swinging Strike 2-2: Foul Ball, location: 2F 2-2: SINGLE (Groundball, 56D, EV 101.9 MPH)
|
Batting: RHB Drtian Thaqi
|
0-0: Ball 1-0: Called Strike Hector Pedroso steals 2nd base 1-1: Swinging Strike 1-2: Strikes out swinging
|
Batting: LHB Anthony Mosley
|
0-0: Foul Ball, location: 2F 0-1: Foul Ball, location: 2F 0-2: SINGLE (Groundball, 3D, EV 100.0 MPH) Hector Pedroso to third
|
Batting: LHB Eric Zacher
|
0-0: Called Strike 0-1: Called Strike 0-2: Ball 1-2: Ball 2-2: Strikes out swinging
|
Batting: SHB Dan Hill
|
0-0: Called Strike 0-1: Foul Ball, location: 2F 0-2: Ball 1-2: Ball 2-2: Ball 3-2: Foul Ball, location: 2F 3-2: Foul Ball, location: 2F 3-2: SINGLE (Line Drive, 4D, EV 103.8 MPH) Hector Pedroso scores Anthony Mosley to second Anthony Mosley to third
|
Batting: LHB John Harring
|
0-0: Called Strike 0-1: Foul Ball, location: 2F 0-2: Ball 1-2: Foul Ball, location: 2F 1-2: Ball 2-2: Ball 3-2: Strikes out looking
|
Top of the 3rd over - 1 run, 3 hits, 0 errors, 2 left on base; Cleveland 1 - Kansas City 1 |
BOTTOM OF THE 3RD |
Kansas City Royals batting - Pitching for Cleveland Indians : RHP Andy Zecher
|
Batting: RHB Bob Najar
|
0-0: Ball 1-0: Foul Ball, location: 2F 1-1: Ground out 5-3 (Groundball, 56S, EV 71.3 MPH)
|
Batting: RHB Aaron Matthews
|
0-0: Called Strike 0-1: Ball 1-1: Fly out, F6 (Popup, 6, EV 64.4 MPH)
|
Batting: RHB Adriaan Pieters
|
0-0: Called Strike 0-1: Ball 1-1: Fly out, F9 (Flyball, 89S, EV 91.9 MPH)
|
Bottom of the 3rd over - 0 runs, 0 hits, 0 errors, 0 left on base; Cleveland 1 - Kansas City 1 |
TOP OF THE 4TH |
Cleveland Indians batting - Pitching for Kansas City Royals : RHP Brandon Ferrari
|
Batting: SHB Mike Gross
|
0-0: Called Strike 0-1: Ball 1-1: Swinging Strike 1-2: Strikes out swinging
|
Batting: RHB Justin Ganey
|
0-0: Called Strike 0-1: Ball 1-1: Swinging Strike 1-2: Ball 2-2: Foul Ball, location: 2F 2-2: Strikes out swinging
|
Batting: RHB Greg Harden
|
0-0: Ball 1-0: Ground out 5-3 (Groundball, 56S, EV 82.5 MPH)
|
Top of the 4th over - 0 runs, 0 hits, 0 errors, 0 left on base; Cleveland 1 - Kansas City 1 |
BOTTOM OF THE 4TH |
Kansas City Royals batting - Pitching for Cleveland Indians : RHP Andy Zecher
|
Batting: LHB Mike Meyerhoff
|
0-0: Foul Ball, location: 2F 0-1: Ball 1-1: Ball 2-1: Swinging Strike 2-2: Foul Ball, location: 2F 2-2: Foul Ball, location: 2F 2-2: Ball 3-2: Foul Ball, location: 2F 3-2: Ground out 4-3 (Groundball, 4, EV 102.5 MPH)
|
Batting: SHB Tony Prado
|
0-0: Ball 1-0: SINGLE (Groundball, 4D, EV 103.1 MPH)
|
Batting: SHB Gareth Busby
|
0-0: Ball 1-0: Ball 2-0: Ball 3-0: Base on Balls Tony Prado to second
|
Batting: LHB Manny Estrada
|
0-0: Called Strike 0-1: Ball 1-1: Fly out, F7 (Flyball, 78D, EV 101.3 MPH)
|
Batting: RHB Jordan Diaz
|
0-0: Called Strike 0-1: Foul Ball, location: 2F 0-2: Ball 1-2: Ball 2-2: Fly out, F9 (Flyball, 89D, EV 90.0 MPH)
|
Bottom of the 4th over - 0 runs, 1 hit, 0 errors, 2 left on base; Cleveland 1 - Kansas City 1 |
TOP OF THE 5TH |
Cleveland Indians batting - Pitching for Kansas City Royals : RHP Brandon Ferrari
|
Pitching: RHP Cody Autry
|
|
Batting: LHB Hector Pedroso
|
0-0: Swinging Strike 0-1: Foul Ball, location: 2F 0-2: Ball 1-2: Strikes out swinging
|
Batting: RHB Drtian Thaqi
|
0-0: Foul Ball, location: 2F 0-1: Swinging Strike 0-2: Fly out, F9 (Flyball, 9S, EV 88.8 MPH)
|
Batting: LHB Anthony Mosley
|
0-0: Ball 1-0: Called Strike 1-1: Foul Ball, location: 2F 1-2: Fly out, F9 (Line Drive, 9S, EV 90.0 MPH)
|
Top of the 5th over - 0 runs, 0 hits, 0 errors, 0 left on base; Cleveland 1 - Kansas City 1 |
BOTTOM OF THE 5TH |
Kansas City Royals batting - Pitching for Cleveland Indians : RHP Andy Zecher
|
Pitching: RHP Hector Guerrero
|
|
Batting: RHB Jason Gee
|
0-0: Ball 1-0: Ball 2-0: Ball 3-0: Called Strike 3-1: TRIPLE (Line Drive, 89XD, EV 103.1 MPH)
|
Batting: RHB Bob Najar
|
0-0: Ball 1-0: Foul Ball, location: 2F 1-1: Ball 2-1: Ball 3-1: Base on Balls
|
Batting: RHB Aaron Matthews
|
0-0: Called Strike 0-1: Ball Bob Najar steals 2nd base (no throw) 1-1: Ball 2-1: Ground out 5-3 (Groundball, 56S, EV 93.1 MPH) Jason Gee scores
|
Batting: RHB Adriaan Pieters
|
0-0: Called Strike 0-1: Ball 1-1: Foul Ball, location: 2F 1-2: Ball 2-2: Fly out, F5 (Popup, 56S, EV 78.8 MPH)
|
Batting: LHB Mike Meyerhoff
|
0-0: Ball 1-0: Ball 2-0: Foul Ball, location: 2F 2-1: Ball 3-1: Called Strike 3-2: SINGLE (Line Drive, 8LS, EV 91.9 MPH) Bob Najar to third Runner from 3rd tries for Home, SAFE, throw by CF to home
|
Batting: SHB Tony Prado
|
0-0: Called Strike 0-1: Ball 1-1: Fly out, F9 (Flyball, 9LD, EV 101.9 MPH)
|
Bottom of the 5th over - 2 runs, 2 hits, 0 errors, 1 left on base; Cleveland 1 - Kansas City 3 |
TOP OF THE 6TH |
Cleveland Indians batting - Pitching for Kansas City Royals : RHP Cody Autry
|
Batting: LHB Eric Zacher
|
0-0: Fly out, F8 (Line Drive, 8RD, EV 91.3 MPH)
|
Batting: SHB Dan Hill
|
0-0: Called Strike 0-1: Ball 1-1: Fly out, F6 (Line Drive, 6, EV 68.1 MPH)
|
Batting: LHB John Harring
|
0-0: Swinging Strike 0-1: Foul Ball, location: 2F 0-2: Ball 1-2: Strikes out swinging
|
Top of the 6th over - 0 runs, 0 hits, 0 errors, 0 left on base; Cleveland 1 - Kansas City 3 |
BOTTOM OF THE 6TH |
Kansas City Royals batting - Pitching for Cleveland Indians : RHP Hector Guerrero
|
Batting: SHB Gareth Busby
|
0-0: Ball 1-0: SINGLE (Line Drive, 5D, EV 103.1 MPH)
|
Batting: LHB Manny Estrada
|
0-0: Ball 1-0: Ball 2-0: Ball 3-0: Base on Balls Gareth Busby to second
|
Pitching: RHP Cody Cagle
|
|
Batting: RHB Jordan Diaz
|
0-0: Called Strike 0-1: Foul Ball, location: 2F 0-2: Ball 1-2: SINGLE (Groundball, 6S, EV 65.6 MPH) (infield hit) Gareth Busby to third Manny Estrada to second
|
Batting: RHB Jason Gee
|
0-0: Hit by Pitch Gareth Busby scores Manny Estrada to third Jordan Diaz to second
|
Batting: RHB Bob Najar
|
0-0: Ball 1-0: Called Strike 1-1: Swinging Strike 1-2: TRIPLE (Flyball, 9LD, EV 91.3 MPH) Manny Estrada scores Jordan Diaz scores Jason Gee scores
|
Pinch Hitting: RHB Avery Maxwell
|
0-0: Called Strike 0-1: Ball 1-1: Ground out 6-3 (Groundball, 6, EV 79.4 MPH) Bob Najar scores
|
Pinch Hitting: RHB Emilio Gallegos
|
0-0: Ball 1-0: Foul Ball, location: 2F 1-1: Foul Ball, location: 2F 1-2: Foul Ball, location: 2F 1-2: Foul Ball, location: 2F 1-2: Ground out 5-3 (Groundball, 5, EV 80.0 MPH)
|
Batting: LHB Mike Meyerhoff
|
0-0: Ball 1-0: Called Strike 1-1: Fly out, F9 (Flyball, 9LS, EV 88.8 MPH)
|
Bottom of the 6th over - 5 runs, 3 hits, 0 errors, 0 left on base; Cleveland 1 - Kansas City 8 |
TOP OF THE 7TH |
Cleveland Indians batting - Pitching for Kansas City Royals : RHP Cody Autry
|
Now at 2B: Avery Maxwell
|
|
Now in RF: Emilio Gallegos
|
|
Batting: SHB Mike Gross
|
0-0: Ball 1-0: Fly out, F7 (Flyball, 78D, EV 106.9 MPH)
|
Batting: RHB Justin Ganey
|
0-0: Swinging Strike 0-1: Swinging Strike 0-2: Ground out 1-3 (Groundball, 13S, EV 74.4 MPH)
|
Batting: RHB Greg Harden
|
0-0: Called Strike 0-1: Swinging Strike 0-2: TRIPLE (Line Drive, 89XD, EV 115.0 MPH)
|
Pinch Hitting: RHB David Schweitzer
|
0-0: Called Strike 0-1: Foul Ball, location: 2F 0-2: Strikes out looking
|
Top of the 7th over - 0 runs, 1 hit, 0 errors, 1 left on base; Cleveland 1 - Kansas City 8 |
BOTTOM OF THE 7TH |
Kansas City Royals batting - Pitching for Cleveland Indians : RHP Cody Cagle
|
Now in RF: David Schweitzer
|
|
Batting: SHB Tony Prado
|
0-0: Called Strike 0-1: Ball 1-1: SINGLE (Groundball, 34D, EV 94.4 MPH)
|
Batting: SHB Gareth Busby
|
0-0: Foul Ball, location: 2F 0-1: Called Strike 0-2: Ball 1-2: Grounds into double play, 4-6-3 (Groundball, 4, EV 90.6 MPH)
|
Pinch Hitting: RHB Victor Moya
|
0-0: Ball 1-0: SINGLE (Flyball, 56D, EV 94.4 MPH)
|
Batting: LHB Chris Eaker
|
0-0: TRIPLE (Line Drive, 9D, EV 104.4 MPH) Victor Moya scores
|
Pinch Hitting: RHB Imbart Faber
|
0-0: Called Strike 0-1: DOUBLE (Line Drive, 9LM, EV 105.6 MPH) Chris Eaker scores
|
Pitching: RHP Dennis Beals
|
|
Batting: RHB Bob Najar
|
0-0: Ball 1-0: Ball 2-0: Ball 3-0: Called Strike 3-1: Base on Balls
|
Batting: RHB Avery Maxwell
|
0-0: Called Strike 0-1: Swinging Strike 0-2: Strikes out swinging
|
Bottom of the 7th over - 2 runs, 4 hits, 0 errors, 2 left on base; Cleveland 1 - Kansas City 10 |
TOP OF THE 8TH |
Cleveland Indians batting - Pitching for Kansas City Royals : RHP Cody Autry
|
Now at 1B: Victor Moya
|
|
Now at SS: Imbart Faber
|
|
Pinch Hitting: RHB Jason Savage
|
0-0: Ball 1-0: Ball 2-0: Ball 3-0: Base on Balls
|
Batting: LHB Arvin Dungca
|
0-0: Ball 1-0: Grounds into double play, 4-6-3 (Groundball, 34, EV 111.3 MPH)
|
Pinch Hitting: RHB Chad Manning
|
0-0: Ball 1-0: Ground out 4-3 (Groundball, 4, EV 79.4 MPH)
|
Top of the 8th over - 0 runs, 0 hits, 0 errors, 0 left on base; Cleveland 1 - Kansas City 10 |
BOTTOM OF THE 8TH |
Kansas City Royals batting - Pitching for Cleveland Indians : RHP Dennis Beals
|
Now at 3B: Jason Savage
|
|
Now at SS: Tristan Dennis
|
|
Batting: RHB Emilio Gallegos
|
0-0: Called Strike 0-1: Called Strike 0-2: Strikes out swinging
|
Batting: LHB Mike Meyerhoff
|
0-0: Foul Ball, location: 2F 0-1: Swinging Strike 0-2: Foul Ball, location: 2F 0-2: Ball 1-2: Foul Ball, location: 2F 1-2: Hit by Pitch
|
Batting: SHB Tony Prado
|
0-0: Called Strike 0-1: Ball 1-1: Called Strike 1-2: Ball 2-2: Foul Ball, location: 2F 2-2: Ball 3-2: Foul Ball, location: 2F 3-2: Foul Ball, location: 2F 3-2: Fly out, F8 (Flyball, 8RM, EV 89.4 MPH)
|
Batting: SHB Gareth Busby
|
0-0: Swinging Strike 0-1: Ball 1-1: Foul Ball, location: 2F 1-2: Ball 2-2: 2-RUN HOME RUN (Flyball, 9D, EV 96.3 MPH), Distance : 366 ft
|
Batting: RHB Victor Moya
|
0-0: DOUBLE (Flyball, 7D, EV 95.0 MPH)
|
Batting: LHB Chris Eaker
|
0-0: Called Strike 0-1: Foul Ball, location: 2F 0-2: Fly out, F8 (Flyball, 8RD, EV 95.0 MPH)
|
Bottom of the 8th over - 2 runs, 2 hits, 0 errors, 1 left on base; Cleveland 1 - Kansas City 12 |
TOP OF THE 9TH |
Cleveland Indians batting - Pitching for Kansas City Royals : RHP Cody Autry
|
Pinch Hitting: LHB Kyle Schaible
|
0-0: Called Strike 0-1: Foul Ball, location: 2F 0-2: Ball 1-2: Ball 2-2: Ball 3-2: Foul Ball, location: 2F 3-2: DOUBLE (Groundball, 5L, EV 106.9 MPH)
|
Batting: LHB John Harring
|
0-0: Called Strike 0-1: Swinging Strike 0-2: Ball 1-2: Strikes out swinging
|
Pinch Hitting: RHB Jesus Galvan
|
0-0: Ball 1-0: Ball 2-0: Called Strike 2-1: 2-RUN HOME RUN (Flyball, 7LD, EV 98.8 MPH), Distance : 372 ft
|
Pinch Hitting: RHB C.J. Sagle
|
0-0: Ball 1-0: Foul Ball, location: 2F 1-1: Ball 2-1: Called Strike 2-2: Strikes out swinging
|
Batting: RHB Greg Harden
|
0-0: Ball 1-0: SINGLE (Groundball, 4MD, EV 99.4 MPH)
|
Batting: RHB David Schweitzer
|
0-0: Ball 1-0: Ball 2-0: Ball 3-0: Base on Balls Greg Harden to second
|
Batting: RHB Jason Savage
|
0-0: Called Strike 0-1: Ball 1-1: Swinging Strike 1-2: Foul Ball, location: 2F 1-2: Foul Ball, location: 2F 1-2: Strikes out swinging
|
Top of the 9th over - 2 runs, 3 hits, 0 errors, 2 left on base; Cleveland 3 - Kansas City 12 |
|